 Dungeon Crawl Stone Soup version 0.27-a0-760-gc38aae387d (webtiles) character file.

Game seed: 2618307602299338820

5380 Lanoc the Nimble (level 10, -13/44 HPs)
             Began as a Spriggan Fire Elementalist on Mar 25, 2021.
             Was a Believer of Vehumet.
             Mangled by an orc warrior
             ... wielding a +0 glaive
              (32 damage)
             ... in a bailey.
             The game lasted 00:20:49 (11473 turns).

Lanoc the Nimble (Spriggan Fire Elementalist)      Turns: 11473, Time: 00:20:50

Health: -13/44     AC:  5    Str:  4    XL:     10   Next: 39%
Magic:  10/15      EV: 24    Int: 21    God:    Vehumet [**....]
Gold:   164        SH:  0    Dex: 16    Spells: 9/14 levels left

rFire    . . .     SeeInvis +   u - +8 club
rCold    . . .     Faith    .   (shield restricted)
rNeg     . . .     Spirit   .   A - +0 steam dragon scales
rPois    .         Reflect  .   (helmet restricted)
rElec    .         Harm     .   (no cloak)
rCorr    .         Rampage  .   (gloves unavailable)
Will     ++...                  (boots unavailable)
Stlth    +.........             (no amulet)
HPRegen  0.14/turn              r - ring of Nuexisie {Int+3 SInv}
MPRegen  0.14/turn              C - ring of willpower

@: confused, ambrosia-drunk, hasted, very quick
A: very small, no large weapons, unfitting armour, see invisible, speed 3, dopey
1, mutation resistance 1, screaming 1
a: Renounce Religion


You were in a bailey.
You worshipped Vehumet.
Vehumet was pleased with you.
You visited 2 branches of the dungeon, and saw 10 of its levels.
You also visited: Bailey.

You collected 409 gold pieces.
You spent 245 gold pieces at shops.

Inventory:

Hand Weapons
 u - a +8 club (weapon)
Armour
 n - a +0 buckler
 A - +0 steam dragon scales (worn)
Jewellery
 r - the ring of Nuexisie (right hand) {Int+3 SInv}
   (You found it on level 5 of the Dungeon)

   [ring of see invisible]

   It affects your intelligence (+3).
   It lets you see invisible.
 C - a ring of willpower (left hand)
Wands
 t - a wand of flame (23)
 B - a wand of polymorph (7)
Scrolls
 d - 4 scrolls of immolation
 e - a scroll of vulnerability
 y - a scroll of enchant armour
Potions
 b - 4 potions of curing
 c - a potion of might {unknown}
 f - 2 potions of resistance {unknown}
 g - a potion of flight
 i - a potion of invisibility {unknown}
 k - 4 potions of heal wounds
 m - a potion of attraction {unknown}
 o - a potion of mutation
 p - a potion of berserk rage {unknown}
 q - 3 potions of brilliance
 v - 2 potions of haste
 w - a potion of magic


   Skills:
 + Level 11.8 Dodging
 - Level 3.0 Stealth
 - Level 2.6 Spellcasting
 - Level 0.6 Conjurations
 * Level 10.9 Fire Magic


You had 9 spell levels left.
You knew the following spells:

 Your Spells              Type           Power      Damage    Failure   Level
a - Foxfire               Conj/Fire      100%       2x1d9     1%          1
b - Sticky Flame          Conj/Fire      27%        2d5       13%         4

Your spell library contained the following spells:

 Spells                   Type           Power      Damage    Failure   Level
 Shock                    Conj/Air       16%        1d4       12%         1
 Conjure Flame            Conj/Fire      27%        6-21      3%          3
 Inner Flame              Hex/Fire       25%        N/A       4%          3
 Magic Dart               Conj           20%        1d4       11%         1
 Blink                    Tloc           N/A        N/A       21%         2
 Call Imp                 Summ           2%         N/A       21%         2
 Slow                     Hex            2%         N/A       21%         2
 Fireball                 Conj/Fire      13%        3d7       34%         5
 Mephitic Cloud           Conj/Pois/Air  3%         N/A       36%         3
 Confusing Touch          Hex            2%         N/A       38%         3
 Gell's Gravitas          Tloc           1%         N/A       38%         3
 Petrify                  Tmut/Erth      2%         N/A       80%         4
 Metabolic Englaciation   Hex/Ice        1%         N/A       98%         5
 Yara's Violent Unravell  Hex/Tmut       1%         3d3       98%         5


Dungeon Overview and Level Annotations

Branches:
Dungeon (9/15)             Temple (1/1) D:7          Bailey (1/1)
   Lair: D:8-11         Orc: D:9-12

Altars:
Ashenzari
Cheibriados
Dithmenos
Elyvilon
Fedhas
Makhleb
Trog
Vehumet
Wu Jian
Xom
Yredelemnul
Zin

Shops:
D:6 *   D:9 *


Innate Abilities, Weirdness & Mutations

You are very small and have problems with some larger weapons.
You are too small for most types of armour.
You have supernaturally acute eyesight. (SInv)
You cover ground extremely quickly. (Speed+++)
You are dopey. (Int -2)
You are somewhat resistant to further mutation.
You occasionally shout uncontrollably at your foes.


Message History

Aiming: Throw Flame
Press: ? - help, Shift-Dir - straight line, f/p - orc knight
Aim: an orc knight, wielding a +0 halberd and wearing a +0 chain mail (almost dead, 36% to evade)
The puff of flame hits the orc knight but does no damage.
The orc knight is almost dead.
Aiming: Throw Flame
Press: ? - help, Shift-Dir - straight line, f/p - orc knight
Aim: an orc knight, wielding a +0 halberd and wearing a +0 chain mail (almost dead, 36% to evade)
The puff of flame hits the orc knight but does no damage.
The orc knight is almost dead.
An orc knight comes into view. It is wielding a +0 halberd.
The orc knight moves out of view.
Aiming: Throw Flame
Press: ? - help, Shift-Dir - straight line, f/p - orc knight
Aim: an orc knight, wielding a +0 halberd and wearing a +0 chain mail (almost dead, 36% to evade)
The puff of flame hits the orc knight but does no damage.
The orc knight is almost dead.
The orc knight shouts!
The orc knight roars a battlecry!
The orc warrior goes into a battle-frenzy!
The orc knight roars a battlecry!
Casting: Foxfire (safe; 1% risk of failure)
Confirm with . or Enter, or press ? or * to list all spells.
You conjure some foxfire!
The foxfire hits the orc warrior but does no damage.
The orc warrior is heavily wounded.
The foxfire hits the orc knight.
The orc knight is almost dead.
It was a potion of ambrosia.
You are confused.
You feel invigorated.
You're too confused to move!
The orc knight completely misses you.
The orc knight roars a battlecry!
The orc knight goes into a battle-frenzy!
You hear a shout!
The orc knight hits you from afar with a +0 halberd!
The orc warrior hits you from afar with a +0 glaive!!
Ouch! That really hurt!
You die...
Xom thinks this is hilarious!

#.......#
#.......#
#.......#
##.....##
##'''##
#.....#
#..oo.#
#.....#
#...@.#
#.....#
##')'##
#.))..#
#....o..#
#..)....#
#.......#
#.......#
#.......#


You could see 2 orc knights and an orc warrior (strong).

Vanquished Creatures
  Joseph (D:7)
  Maggie (D:8)
  A troll (D:7)
  Grinder (D:5)
  10 yaks
  A wraith (D:8)
  A water moccasin (D:8)
  An ice beast (D:8)
  5 orc warriors
  3 sky beasts
  3 black bears
  2 necrophages
  3 ogres
  A phantom (D:6)
  4 bullfrogs (D:8)
  A wyvern zombie (D:8)
  A wight (D:9)
  A howler monkey (D:7)
  4 crimson imps (D:5)
  2 centaur zombies (D:7)
  A gnoll shaman (D:7)
  2 jellies
  An orc priest (D:4)
  A centaur skeleton (D:7)
  An orc wizard (D:8)
  Ijyb (D:5)
  2 howler monkey zombies (D:5)
  4 gnolls (D:7)
  6 adders
  A shadow imp (D:5)
  2 white imps
  4 ufetubi
  3 worms
  2 dart slugs
  45 orcs
  3 ball pythons
  3 bats
  6 endoplasms
  2 giant cockroaches (D:1)
  2 goblins
  6 hobgoblins
  10 jackals
  2 quokkas
  4 frilled lizards
  2 kobolds
  7 rats
170 creatures vanquished.

Vanquished Creatures (others)
  1054 foxfires
1054 creatures vanquished.

Grand Total: 1224 creatures vanquished

Notes
Turn   | Place    | Note
-------+----------+-------------------------------------------
     0 | D:1      | Lanoc the Spriggan Fire Elementalist began the quest for
                  | the Orb.
     0 | D:1      | Reached XP level 1. HP: 9/9 MP: 5/5
   362 | D:1      | Reached skill level 3 in Dodging
   422 | D:1      | Reached XP level 2. HP: 13/13 MP: 3/6
  1558 | D:2      | Reached XP level 3. HP: 16/16 MP: 4/8
  1688 | D:2      | Found a shadowy altar of Dithmenos.
  2034 | D:2      | Noticed a moth of wrath
  2037 | D:2      | Found a bloodstained altar of Trog.
  2427 | D:2      | Found a basalt altar of Yredelemnul.
  2737 | D:3      | Reached XP level 4. HP: 21/21 MP: 0/9
  2864 | D:3      | Reached skill level 4 in Dodging
  4211 | D:4      | Reached XP level 5. HP: 24/24 MP: 4/10
  4394 | D:5      | Entered Level 5 of the Dungeon
  4394 | D:5      | Noticed a necrophage
  4406 | D:5      | Killed a necrophage
  4407 | D:5      | Reached skill level 5 in Dodging
  4449 | D:5      | Reached XP level 6. HP: 16/28 MP: 0/11
  4604 | D:5      | Identified the ring of Nuexisie {Int+3 SInv}
  4608 | D:5      | Found a blossoming altar of Fedhas.
  4681 | D:5      | Reached skill level 5 in Fire Magic
  4860 | D:5      | Noticed Grinder
  4871 | D:5      | Killed Grinder
  4872 | D:5      | Reached skill level 6 in Dodging
  4872 | D:5      | Reached XP level 7. HP: 32/32 MP: 1/12
  5156 | D:5      | Noticed Ijyb
  5244 | D:5      | Killed Ijyb
  5422 | D:5      | Found a shimmering altar of Xom.
  5548 | D:5      | Became a worshipper of Xom of Chaos
  5745 | D:5      | XOM: potion effect (curing)
  5824 | D:5      | Found a blossoming altar of Fedhas.
  5827 | D:5      | Found a radiant altar of Vehumet.
  5830 | D:5      | Found a burning altar of Makhleb.
  5833 | D:5      | Found a snail-covered altar of Cheibriados.
  5839 | D:5      | Fell from the grace of Xom
  5839 | D:5      | Became a worshipper of Vehumet
  5885 | D:6      | Reached skill level 7 in Dodging
  5948 | D:6      | XOM: give mutation
  5948 | D:6      | Gained mutation: You are somewhat resistant to further
                  | mutation. [Xom's mischief]
  6103 | D:6      | XOM: give mutations
  6103 | D:6      | Gained mutation: Armour fits poorly on your strangely
                  | shaped body. [Xom's mischief]
  6142 | D:6      | Noticed a yak
  6144 | D:6      | Noticed a yak
  6151 | D:6      | Noticed a yak
  6153 | D:6      | Noticed a yak
  6155 | D:6      | Noticed a yak
  6157 | D:6      | Killed a yak
  6158 | D:6      | Reached XP level 8. HP: 36/36 MP: 2/13
  6368 | D:6      | Reached skill level 8 in Dodging
  6430 | D:6      | XOM: noise
  6518 | D:6      | XOM: summons 1 hostile shadow creature
  6840 | D:6      | Found Osuiwkae's General Store.
  6848 | D:6      | Bought a potion of heal wounds for 60 gold pieces
  6848 | D:6      | Bought a potion of haste for 120 gold pieces
  6854 | D:6      | You fall into a shaft and drop 1 floor!
  6931 | D:7      | XOM: give mutations
  6931 | D:7      | Gained mutation: You are dopey. (Int -2) [Xom's mischief]
  6931 | D:7      | Gained mutation: You expend magic power (3 MP) to
                  | strengthen your wands. [Xom's mischief]
  6931 | D:7      | Gained mutation: You are weak. (Str -2) [Xom's mischief]
  6965 | D:6      | Found a white marble altar of Elyvilon.
  6975 | D:6      | Reached skill level 9 in Dodging
  7019 | D:6      | XOM: summons 3 hostile shadow creatures
  7113 | D:6      | XOM: noise
  7606 | D:7      | Found a staircase to the Ecumenical Temple.
  7618 | Temple   | Entered the Ecumenical Temple
  7624 | Temple   | Learned a level 4 spell: Sticky Flame
  8138 | D:7      | Reached XP level 9. HP: 39/39 MP: 6/14
  8350 | D:7      | Noticed a troll
  8389 | D:7      | Killed a troll
  8493 | D:7      | Noticed Joseph
  8504 | D:7      | Killed Joseph
  8661 | D:7      | Reached skill level 10 in Dodging
  8760 | D:7      | XOM: noise
  8869 | D:7      | XOM: give mutations
  8869 | D:7      | Lost mutation: You expend magic power (3 MP) to strengthen
                  | your wands. [Xom's mischief]
  8869 | D:7      | Lost mutation: You are weak. (Str -2) [Xom's mischief]
  9051 | D:7      | Found an ornate altar of the Wu Jian Council.
  9168 | D:7      | Reached * piety under Vehumet
  9168 | D:7      | Offered knowledge of Sandblast by Vehumet.
  9660 | D:8      | Found a snail-covered altar of Cheibriados.
  9792 | D:8      | Noticed Maggie
  9806 | D:8      | Killed Maggie
  9807 | D:8      | Reached skill level 10 in Fire Magic
  9989 | D:8      | Found a broken altar of Ashenzari.
 10193 | D:8      | Reached skill level 11 in Dodging
 10385 | D:8      | Reached XP level 10. HP: 44/44 MP: 8/15
 10693 | D:9      | Found Kynecw's General Store.
 10715 | D:9      | Bought a potion of heal wounds for 65 gold pieces
 10876 | D:9      | Found a flagged portal.
 10885 | Bailey   | Entered a bailey
 11063 | Bailey   | XOM: give mutations
 11063 | Bailey   | Gained mutation: You occasionally shout uncontrollably at
                  | your foes. [Xom's mischief]
 11063 | Bailey   | Lost mutation: Armour fits poorly on your strangely shaped
                  | body. [Xom's mischief]
 11181 | Bailey   | Reached ** piety under Vehumet
 11190 | Bailey   | Offered knowledge of Shock by Vehumet.
 11344 | Bailey   | Noticed an orc knight
 11408 | Bailey   | Identified a scroll of acquirement
 11408 | Bailey   | Acquired the amulet of Baupuruu {Acrobat rElec}
 11462 | Bailey   | Noticed an orc knight
 11473 | Bailey   | Mangled by an orc warrior

Illustrated notes

Levels and vault maps discovered:
D:1:      minmay_arrival_plants_in_alcoves, layout_basic
D:2:      layout_loops_ring, nicolae_dithmenos_shadow_blocks, tgw_trog,
          lemuel_coloured_pillars_altar
D:3:      layout_rooms, amcnicky_mini_corridor_feature
D:4:      layout_loops_ring
D:5:      layout_basic, grunt_temple_overflow_cloverleaf, led_xom_imps,
          hangedman_abyss_or_decor_jellyfish_corner, fedhas_altar_2, uniq_ijyb,
          uniq_grinder
D:6:      layout_basic, serial_shops, shop, elyvilon_altar_3
D:7:      layout_loops_ring, nicolae_wu_jian_immortal_techniques,
          minmay_temple_entry_glassed_door, uniq_joseph
D:8:      layout_cave_pods, kennysheep_mini, basic_altar, uniq_maggie
D:9:      layout_big_octagon, serial_shops, nicolae_shop_crystal, enter_bailey_7
Temple:   minmay_temple_forest_path
Bailey:   bailey_polearm_5, bailey

Skill      XL: |  1  2  3  4  5  6  7  8  9 |
---------------+----------------------------+-----
Dodging        | 3 4 5 6 7 9 11 | 11.8
Fire Magic     | 3 4 5 6 8 10 | 10.9
Stealth        | |  3.0
Spellcasting   | |  2.6
Conjurations   | |  0.6

Action                   |  1- 3 |  4- 6 |  7- 9 | 10-12 || total
-------------------------+-------+-------+-------+-------++-------
Melee: Unarmed           |    28 |       |       |       ||    28
       Short sword       |     9 |     4 |       |       ||    13
       Club              |       |       |    51 |     2 ||    53
 Cast: Foxfire           |   107 |   100 |   314 |   110 ||   631
       Sticky Flame      |       |       |     3 |       ||     3
Evoke: Wand              |       |       |       |    15 ||    15
  Use: Scroll            |     4 |       |       |    14 ||    18
       Potion            |       |     2 |       |     7 ||     9
Armor: Robe              |     7 |     1 |    10 |       ||    18
Dodge: Dodged            |    64 |    14 |   101 |    50 ||   229

Table legend: (Time is in decaauts)
 A = Elapsed time spent in this place.
 B = Non-inter-level travel time spent in this place.
 C = Inter-level travel time spent in this place.
 D = Time resting spent in this place.
 E = Time spent auto-exploring this place.
 F = Levels seen in this place.
 G = Mean time per level.
                   A        B        C        D        E       F      G
               +--------+--------+--------+--------+--------+-----+--------+
         Total |   9122 |   8954 |    168 |    270 |   7061 |  11 |  829.3 |
       Dungeon |   8561 |   8404 |    157 |    262 |   6677 |   9 |  951.2 |
        Temple |     49 |     39 |     10 |      0 |     31 |   1 |   49.0 |
        Bailey |    512 |    512 |      0 |      7 |    351 |   1 |  512.0 |
               +--------+--------+--------+--------+--------+-----+--------+

Top non-repeatable levels by time:
     D:7: 1517 daAuts
     D:5: 1381 daAuts
     D:8: 1141 daAuts
     D:1: 1040 daAuts
     D:6: 978 daAuts
     D:2: 930 daAuts
     D:4: 832 daAuts
     D:3: 600 daAuts
  Bailey: 512 daAuts
     D:9: 138 daAuts
  Temple: 49 daAuts
